 Dungeon Crawl Stone Soup version 0.25.1-8-g42b30a86e7 (webtiles) character file.

Game seed: 12752722970571548606

2023 Azimut41r the Charlatan (level 9, -2/67 HPs)
             Began as a Gnoll Artificer on Dec 13, 2020.
             Killed by divine providence
             ... invoked by an orc priest
              (10 damage)
             ... on level 6 of the Dungeon.
             The game lasted 00:29:46 (4339 turns).

Azimut41r the Charlatan (Gnoll Artificer)           Turns: 4339, Time: 00:29:47

Health: -2/67      AC: 12    Str: 15    XL:     9   Next: 23%
Magic:  14/15      EV: 16    Int: 16    God:
Gold:   249        SH:  0    Dex: 16    Spells: 16/16 levels left

rFire    . . .     SeeInvis .   v - +2 dagger (venom)
rCold    . . .     Gourm    .   (no shield)
rNeg     . . .     Faith    .   i - +3 leather armour {rPois}
rPois    +         Spirit   .   l - +0 hat
rElec    .         Reflect  .   n - +0 cloak
rCorr    .         Harm     .   (no gloves)
MR       .....                  p - +0 pair of boots
Stlth    +.........             (no amulet)
HPRegen  0.21/turn              x - +4 ring of protection
MPRegen  0.14/turn              (no ring)

@: glowing
A: distributed training, fangs 1, strong nose
a: no special abilities


You were on level 6 of the Dungeon.
You were not hungry.

You visited 1 branch of the dungeon, and saw 6 of its levels.

You collected 249 gold pieces.

Inventory:

Hand Weapons
 a - a +0 short sword
 k - a +0 short sword
 o - a +0 spear
 v - a +2 dagger of venom (weapon)
 w - a +0 hand axe of holy wrath
 C - a +1 dire flail of distortion
 J - a +4 rapier of freezing
Missiles
 g - 65 arrows
 m - 39 bolts
Armour
 b - a +0 leather armour
 i - a +3 leather armour of poison resistance (worn)
 l - a +0 hat (worn)
 n - a +0 cloak (worn)
 p - a +0 pair of boots (worn)
 D - a +2 robe of resistance
 E - a +0 robe
 H - a +0 pair of boots
Jewellery
 x - a +4 ring of protection (left hand)
Wands
 c - a wand of flame (1)
 d - a wand of enslavement (9)
 e - a wand of random effects (13)
Scrolls
 j - a scroll of teleportation
 q - a scroll of enchant weapon {unknown}
 u - a scroll of identify
 y - a scroll of blinking {unknown}
 A - 2 scrolls of magic mapping {unknown}
 G - 2 scrolls of fog {unknown}
 I - a scroll of fear {unknown}
 L - a scroll of random uselessness {unknown}
 M - a scroll of amnesia {unknown}
Potions
 h - a potion of mutation
 r - 4 potions of brilliance
 s - a potion of flight
 t - 2 potions of might
 z - a potion of heal wounds {unknown}
 F - a potion of stabbing {unknown}
 K - 2 potions of curing {unknown}
Comestibles
 f - 8 rations


   Skills:
 + Level 4.8 Fighting
 + Level 4.8 Short Blades
 + Level 4.0 Long Blades
 + Level 4.0 Axes
 + Level 4.0 Maces & Flails
 + Level 4.0 Polearms
 + Level 4.0 Staves
 + Level 4.0 Slings
 + Level 4.0 Bows
 + Level 4.0 Crossbows
 + Level 4.0 Throwing
 + Level 4.0 Armour
 + Level 6.1 Dodging
 + Level 4.6 Stealth
 + Level 4.0 Shields
 + Level 4.0 Unarmed Combat
 + Level 4.0 Spellcasting
 + Level 3.2 Conjurations
 + Level 3.2 Hexes
 + Level 3.2 Charms
 + Level 3.2 Summonings
 + Level 3.2 Necromancy
 + Level 3.2 Translocations
 + Level 3.2 Transmutations
 + Level 3.2 Fire Magic
 + Level 3.2 Ice Magic
 + Level 3.2 Air Magic
 + Level 3.2 Earth Magic
 + Level 3.2 Poison Magic
 + Level 4.3 Invocations
 + Level 7.7 Evocations


You had 16 spell levels left.
You didn't know any spells.
Your spell library was empty.

Dungeon Overview and Level Annotations

Branches:
Dungeon (6/15)
 Temple: D:4-7

Altars:
Dithmenos
Fedhas
Gozag
Hepliaklqana
Okawaru
Sif Muna
Xom
The Shining One

Shops:
D:4 (

Annotations:
D:6 exclusion: oklob plant, Dowan


Innate Abilities, Weirdness & Mutations

Your experience applies equally to all skills.
You have very sharp teeth.
Your uncanny sense of smell can sniff out nearby items.


Message History

You hit the worker ant. Your bite misses the worker ant.
The worker ant is moderately wounded.
The worker ant bites you!
* * * LOW HITPOINT WARNING * * *
The orc priest looks encouraged for a moment.
Evoke which item? (* to show all) (? for menu, Esc to quit)
Aiming: Throw Flame
Press: ? - help, Shift-Dir - straight line, f - worker ant
Aim: a worker ant (moderately wounded)
The puff of flame hits the worker ant.
The worker ant is heavily wounded.
The worker ant closely misses you.
The orc priest invokes the aid of Beogh against you.
Beogh smites you!
* * * LOW HITPOINT WARNING * * *
The worker ant completely misses you.
The orc priest is poisoned.
The orc priest mumbles some strange prayers to Beogh against you.
Beogh smites you!
You die...

#.)§# ##o[#
#.S# #..#
#.)# #..#
#.a# #..# .##
#>@# #..#
#[.## #...#
#...###....#
#.......)..#
#...........
##.†......P.
#...<....P_P
#.........P.
#....#.......


You could see a worker ant, an orc priest (poisoned) and a ball python.

Vanquished Creatures
  Eustachio (D:5)
  4 yaks (D:5)
  Edmund (D:4)
  Duvessa (D:6)
  A phantom (D:4)
  A sky beast (D:5)
  An ogre (D:4)
  3 bullfrogs
  2 scorpions
  A howler monkey (D:4)
  2 crimson imps (D:5)
  A hound (D:4)
  5 orc priests
  An orc wizard (D:4)
  2 worker ants (D:4)
  A mummy (D:5)
  4 gnolls (D:3)
  4 adders
  A shadow imp (D:5)
  A dart slug (D:1)
  3 leopard geckos
  16 orcs
  6 giant cockroaches
  2 hobgoblins
  6 kobolds
  7 quokkas
  2 ball pythons
  2 bats (D:3)
  A frilled lizard (D:3)
  A goblin (D:3)
  A hobgoblin zombie (D:5)
  A kobold zombie (D:5)
  A quokka skeleton (D:4)
  4 rats
91 creatures vanquished.

Vanquished Creatures (collateral kills)
  2 gnolls (D:3)
  A giant cockroach (D:3)
  2 kobolds (D:3)
5 creatures vanquished.

Vanquished Creatures (others)
  2 gnolls (D:3)
  A fungus (D:4)
3 creatures vanquished.

Grand Total: 99 creatures vanquished

Notes
Turn   | Place    | Note
-------+----------+-------------------------------------------
     0 | D:1      | Azimut41r the Gnoll Artificer began the quest for the Orb.
     0 | D:1      | Reached XP level 1. HP: 17/17 MP: 4/4
   177 | D:1      | Reached XP level 2. HP: 23/23 MP: 6/6
   636 | D:2      | Found a shimmering blue altar of Sif Muna.
   667 | D:2      | Found a glowing golden altar of the Shining One.
   997 | D:2      | Reached XP level 3. HP: 28/28 MP: 7/7
  1225 | D:3      | Reached skill level 1 in Invocations
  1294 | D:3      | Reached skill level 1 in Long Blades
  1294 | D:3      | Reached skill level 1 in Axes
  1294 | D:3      | Reached skill level 1 in Maces & Flails
  1294 | D:3      | Reached skill level 1 in Polearms
  1294 | D:3      | Reached skill level 1 in Staves
  1294 | D:3      | Reached skill level 1 in Slings
  1294 | D:3      | Reached skill level 1 in Bows
  1294 | D:3      | Reached skill level 1 in Crossbows
  1294 | D:3      | Reached skill level 1 in Throwing
  1294 | D:3      | Reached skill level 1 in Armour
  1294 | D:3      | Reached skill level 1 in Shields
  1294 | D:3      | Reached skill level 1 in Unarmed Combat
  1294 | D:3      | Reached skill level 1 in Spellcasting
  1294 | D:3      | Reached XP level 4. HP: 12/34 MP: 8/8
  1647 | D:3      | Reached skill level 1 in Conjurations
  1647 | D:3      | Reached skill level 1 in Hexes
  1647 | D:3      | Reached skill level 1 in Charms
  1647 | D:3      | Reached skill level 1 in Summonings
  1647 | D:3      | Reached skill level 1 in Necromancy
  1647 | D:3      | Reached skill level 1 in Translocations
  1647 | D:3      | Reached skill level 1 in Transmutations
  1647 | D:3      | Reached skill level 1 in Fire Magic
  1647 | D:3      | Reached skill level 1 in Ice Magic
  1647 | D:3      | Reached skill level 1 in Air Magic
  1647 | D:3      | Reached skill level 1 in Earth Magic
  1647 | D:3      | Reached skill level 1 in Poison Magic
  2045 | D:4      | Reached XP level 5. HP: 36/40 MP: 8/10
  2310 | D:4      | Reached XP level 6. HP: 47/47 MP: 11/11
  2334 | D:4      | Reached skill level 5 in Dodging
  2569 | D:4      | Noticed a phantom
  2589 | D:4      | Killed a phantom
  2589 | D:4      | Reached XP level 7. HP: 40/52 MP: 12/12
  2606 | D:4      | Reached skill level 7 in Evocations
  2697 | D:4      | Noticed Edmund
  2710 | D:4      | Killed Edmund
  2774 | D:4      | Found a blossoming altar of Fedhas.
  2869 | D:4      | Found Bedinira's Antique Weapon Boutique.
  3174 | D:5      | Entered Level 5 of the Dungeon
  3260 | D:5      | Found a shimmering altar of Xom.
  3267 | D:5      | Reached XP level 8. HP: 60/60 MP: 13/13
  3350 | D:5      | Noticed a yak
  3350 | D:5      | Noticed a yak
  3350 | D:5      | Noticed a yak
  3351 | D:5      | Noticed a yak
  3377 | D:5      | Killed a yak
  3401 | D:5      | Killed a yak
  3413 | D:5      | Killed a yak
  3428 | D:5      | Killed a yak
  3721 | D:5      | Noticed Eustachio
  3734 | D:5      | Killed Eustachio
  3734 | D:5      | Reached XP level 9. HP: 64/66 MP: 14/14
  4274 | D:6      | Found a hazy altar of Hepliaklqana.
  4274 | D:6      | Noticed an oklob plant
  4297 | D:6      | Found an iron altar of Okawaru.
  4298 | D:6      | Found a shadowy altar of Dithmenos.
  4299 | D:6      | Found an opulent altar of Gozag.
  4301 | D:6      | Noticed Dowan
  4319 | D:6      | Noticed Duvessa
  4333 | D:6      | Killed Duvessa
  4339 | D:6      | Killed from afar by an orc priest

Illustrated notes

Levels and vault maps discovered:
D:1:      lightli_arrival_maybe_door_vault, layout_basic, item_on_display_a
D:2:      layout_loops_cross, led_sif_pool, lemuel_round_altar
D:3:      layout_rooms, first_ration
D:4:      layout_cave_pools, fedhas_altar_3, serial_shops,
          nicolae_shop_window_shopping, uniq_edmund
D:5:      layout_basic, xom_teletrap_fun, nicolae_ossuary_entry_giza,
          grunt_ministairs_11, minmay_misc_feat_x, uniq_eustachio
D:6:      layout_layer_cave, chequers_temple_overflow_statue_of_worship,
          minmay_temple_entry_from_below_b, lemuel_oklob_altar, uniq_duvessa

Skill      XL: |  1  2  3  4  5  6  7  8  9 |
---------------+----------------------------+-----
Invocations    | 1 2 3 4 |  4.3
Long Blades    | 1 2 3 4 |  4.0
Axes           | 1 2 3 4 |  4.0
Maces & Flails | 1 2 3 4 |  4.0
Polearms       | 1 2 3 4 |  4.0
Staves         | 1 2 3 4 |  4.0
Slings         | 1 2 3 4 |  4.0
Bows           | 1 2 3 4 |  4.0
Crossbows      | 1 2 3 4 |  4.0
Throwing       | 1 2 3 4 |  4.0
Armour         | 1 2 3 4 |  4.0
Shields        | 1 2 3 4 |  4.0
Unarmed Combat | 1 2 3 4 |  4.0
Spellcasting   | 1 2 3 4 |  4.0
Conjurations   | 1 2 3 |  3.2
Hexes          | 1 2 3 |  3.2
Charms         | 1 2 3 |  3.2
Summonings     | 1 2 3 |  3.2
Necromancy     | 1 2 3 |  3.2
Translocations | 1 2 3 |  3.2
Transmutations | 1 2 3 |  3.2
Fire Magic     | 1 2 3 |  3.2
Ice Magic      | 1 2 3 |  3.2
Air Magic      | 1 2 3 |  3.2
Earth Magic    | 1 2 3 |  3.2
Poison Magic   | 1 2 3 |  3.2
Fighting       | 3 4 |  4.8
Short Blades   | 3 4 |  4.8
Stealth        | 3 4 |  4.6
Dodging        | 5 6 |  6.1
Evocations     | 7 |  7.7

Action                   |  1- 3 |  4- 6 |  7- 9 || total
-------------------------+-------+-------+-------++-------
Melee: Short sword       |    26 |       |       ||    26
       Bite              |     8 |     8 |    18 ||    34
       Dagger            |    35 |    89 |   112 ||   236
       Punch             |       |       |     3 ||     3
Throw: Boomerang         |       |    28 |    12 ||    40
Evoke: Wand              |     3 |     4 |    20 ||    27
  Use: Scroll            |     3 |     1 |     2 ||     6
 Stab: Sleeping          |     2 |     2 |     5 ||     9
  Eat: Chunk             |     1 |     4 |     2 ||     7
       Ration            |       |       |     1 ||     1
Armor: Leather armour    |    26 |    40 |    41 ||   107
Dodge: Dodged            |    40 |    86 |    71 ||   197
